 Dungeon Crawl Stone Soup version 0.22-a0-800-g058c00f (webtiles) character file.

644 zishaf the Firebug (level 7, 0/46 HPs)
             Began as a Barachi Fire Elementalist on July 21, 2018.
             Slain by a gnoll
             ... wielding a +0 spear
              (7 damage)
             ... on level 5 of the Dungeon.
             The game lasted 00:09:37 (4770 turns).

zishaf the Firebug (Barachi Fire Elementalist)      Turns: 4770, Time: 00:09:39

Health: 0/46       AC:  2    Str:  9    XL:     7   Next: 52%
Magic:  9/23       EV: 12    Int: 17    God:
Gold:   241        SH:  0    Dex: 13    Spells: 13/16 levels left

rFire    . . .     SeeInvis .   i - -3 dagger (curse)
rCold    . . .     Gourm    .   (no shield)
rNeg     . . .     Faith    .   a - +0 robe
rPois    .         Spirit   .   (no helmet)
rElec    .         Reflect  .   (no cloak)
rCorr    .         Harm     .   (no gloves)
MR       .....                  (no boots)
Stlth    +.........             (no amulet)
HPRegen  0.15/turn              d - ring of magical power
MPRegen  0.18/turn              (no ring)

@: can't hop, glowing, slow
A: +LOS, swims, slowness 1, strong legs 1
a: Hop


You were on level 5 of the Dungeon.
You were very hungry.

You visited 1 branch of the dungeon, and saw 5 of its levels.

You collected 241 gold pieces.

Inventory:

Hand Weapons
 g - a +0 whip
 h - a +2 mace of venom
 i - a cursed -3 dagger (weapon)
 n - a +1 dagger of venom
 u - a +0 blowgun
 w - a cursed -3 dagger
 y - a cursed -2 blowgun
 B - the +7 quarterstaff "Fote" {crush, +Rage Str+4 Stlth+, unknown}
   (You found it on level 4 of the Dungeon)

   It inflicts extra damage upon your enemies.
   It affects your strength (+4).
   It lets you go berserk.
   It makes you more stealthy.
Missiles
 v - 24 poisoned needles
Armour
 a - a +0 robe (worn)
Jewellery
 d - a ring of magical power (left hand)
 l - an uncursed amulet of faith
Scrolls
 e - a scroll of blinking {unknown}
 j - 2 scrolls of teleportation
 s - a scroll of amnesia {unknown}
 x - a scroll of fog {unknown}
 A - a scroll of identify
Potions
 b - a potion of lignification {unknown}
 f - a potion of resistance
 k - a potion of brilliance {unknown}
 m - a potion of ambrosia {unknown}
 o - 3 potions of curing {unknown}
 p - a potion of flight {unknown}
 q - a potion of might {unknown}
 r - 2 potions of haste {unknown}
 t - a potion of heal wounds
 z - a potion of agility {unknown}
Comestibles
 c - 8 rations


   Skills:
 - Level 2.1 Dodging
 - Level 1.7 Stealth
 + Level 5.0 Spellcasting
 + Level 5.0 Conjurations
 + Level 6.0 Fire Magic


You had 13 spell levels left.
You knew the following spells:

 Your Spells              Type           Power        Failure   Level  Hunger
a - Flame Tongue          Conj/Fire      ###..        1%          1    None
b - Throw Flame           Conj/Fire      ###...       2%          2    #......

Your spell library contained the following spells:

 Spells                   Type           Power        Failure   Level  Hunger
 Fireball                 Conj/Fire      ###.......   38%         5    ######.
 Conjure Flame            Conj/Fire      ###.....     4%          3    ###....
 Sticky Flame             Conj/Fire      ###.....     14%         4    ####...
 Inner Flame              Hex/Fire       ##......     12%         3    ###....


Dungeon Overview and Level Annotations

Branches:
Dungeon (5/15)
 Temple: D:4-7

Altars:
Sif Muna
Trog


Innate Abilities, Weirdness & Mutations

Shadows flee at your approach. (+LOS)
You can swim through water.
You cover ground slowly.
You can hop short distances.


Message History

Press: ? - help, Shift-Dir - straight line, f/p - gnoll shaman
Aim: a gnoll shaman, wielding a whip and wearing a leather armour (almost dead)
The flame tongue hits the gnoll shaman.
The gnoll shaman appears unharmed.
The gnoll shaman is almost dead.
The gnoll hits you from afar with a spear!
* * * LOW HITPOINT WARNING * * *
The gnoll shaman hits you with a whip.
* * * LOW HITPOINT WARNING * * *
Casting: Flame Tongue (safe; 1% risk of failure)
Confirm with . or Enter, or press ? or * to list all spells.
Aiming: Flame Tongue (safe; 1% risk of failure)
Press: ? - help, Shift-Dir - straight line, f/p - gnoll shaman
Aim: a gnoll shaman, wielding a whip and wearing a leather armour (almost dead)
The flame tongue hits the gnoll shaman.
You kill the gnoll shaman!
Your Spellcasting skill increases to level 5!
Your Conjurations skill increases to level 5!
Your Fire Magic skill increases to level 6!
The gnoll hits you from afar with a spear!
You die...

#.............#
####.###########.#
.<...# #.# ######
#.# #.#
#.#########
#..........
#.########. #@#
#)# #g# ###g###
#..gg.# #.###.#
$.. #g# #.# #..
#.# ./..


You could see 4 gnolls.

Vanquished Creatures
  A sky beast (D:3)
  2 ogres (D:4)
  A scorpion (D:5)
  An orc wizard (D:3)
  A gnoll shaman (D:5)
  2 hounds (D:4)
  An iguana (D:4)
  A worker ant (D:4)
  Terence (D:2)
  4 adders
  3 worms
  A dart slug (D:3)
  A leopard gecko (D:3)
  9 orcs
  4 bats
  3 giant cockroaches
  20 goblins
  14 hobgoblins
  7 jackals (D:1)
  6 kobolds
  3 quokkas
  4 frilled lizards
  A giant cockroach zombie (D:4)
  7 rats
98 creatures vanquished.

Notes
Turn   | Place    | Note
-------+----------+-------------------------------------------
     0 | D:1      | zishaf the Barachi Fire Elementalist began the quest for the Orb.
     0 | D:1      | Reached XP level 1. HP: 13/13 MP: 3/3
   124 | D:1      | Reached XP level 2. HP: 10/19 MP: 5/5
   348 | D:1      | Learned a level 2 spell: Throw Flame
   643 | D:1      | Reached XP level 3. HP: 24/24 MP: 7/7
  1522 | D:2      | Reached skill level 4 in Fire Magic
  1739 | D:2      | Noticed Terence
  1743 | D:2      | Killed Terence
  1743 | D:2      | Reached XP level 4. HP: 30/30 MP: 8/8
  2053 | D:3      | Noticed a sky beast
  2066 | D:3      | Killed a sky beast
  2066 | D:3      | Reached XP level 5. HP: 9/35 MP: 2/10
  2381 | D:3      | Found a bloodstained altar of Trog.
  3338 | D:3      | Reached skill level 5 in Fire Magic
  3338 | D:3      | Reached XP level 6. HP: 31/41 MP: 12/12
  4083 | D:4      | Reached XP level 7. HP: 46/46 MP: 13/13
  4446 | D:4      | Got a brightly glowing quarterstaff
  4648 | D:4      | Found a bloodstained altar of Trog.
  4648 | D:4      | Found a deep blue altar of Sif Muna.
  4722 | D:5      | Entered Level 5 of the Dungeon
  4770 | D:5      | Reached skill level 5 in Spellcasting
  4770 | D:5      | Reached skill level 5 in Conjurations
  4770 | D:5      | Reached skill level 6 in Fire Magic
  4770 | D:5      | Slain by a gnoll

Vault maps used:
D:1:      moated_graveyard_arrival
D:2:      uniq_terence
D:3:      cheibrodos_greedy_goblins, first_ration, trog_butcher_becter
D:4:      gammafunk_temple_overflow_wave, minivault_26
D:5:      tgw_fedhas, minmay_temple_entry_junction

Skill      XL: |  1  2  3  4  5  6  7 |
---------------+----------------------+-----
Conjurations   | 2 3 4 5 |  5.0
Fire Magic     | 4 5 6 |  6.0
Spellcasting   | 3 4 5 |  5.0
Dodging        | |  2.1
Stealth        | |  1.7

Action                   |  1- 3 |  4- 6 |  7- 9 || total
-------------------------+-------+-------+-------++-------
 Cast: Flame Tongue      |    36 |    62 |    21 ||   119
       Throw Flame       |    33 |    42 |    17 ||    92
 Abil: Hop               |       |       |     1 ||     1
  Use: Scroll            |       |     3 |       ||     3
  Eat: Chunk             |     5 |    10 |     1 ||    16
Armor: Robe              |     2 |     2 |       ||     4
Dodge: Dodged            |    12 |     8 |     7 ||    27

Table legend:
 A = Spawn XP
 B = Non-spawn XP
 C = Spawn XP percentage of total XP
 D = Spawn monster count
 E = Non-spawn monster count
 F = Spawn count percentage of total count
 G = Total turns spent on level
                    A         B        C        D         E        F      G
               +---------+---------+-------+---------+---------+-------+---------
         Total |       0 |     921 |   0.0 |       0 |      98 |   0.0 |  4770
               +---------+---------+-------+---------+---------+-------+---------
           D:1 |       0 |      48 |   0.0 |       0 |      27 |   0.0 |  1038
           D:2 |       0 |      56 |   0.0 |       0 |      15 |   0.0 |  1235
           D:3 |       0 |     262 |   0.0 |       0 |      38 |   0.0 |  1285
           D:4 |       0 |     447 |   0.0 |       0 |      16 |   0.0 |  1164
           D:5 |       0 |     108 |   0.0 |       0 |       2 |   0.0 |    48
               +---------+---------+-------+---------+---------+-------+---------
